 Dungeon Crawl Stone Soup version 0.30-a0-283-gf371ce1921 (webtiles) character file.

Game seed: 5287719588344722635

1 MrRokkomies the Sneak (level 1, -5/19 HPs)
             Began as an Armataur Delver on Oct 17, 2022.
             Slain by an ogre
             ... wielding a +0 giant spiked club
              (23 damage)
             ... on level 5 of the Dungeon.
             The game lasted 00:00:33 (23 turns).

MrRokkomies the Sneak (Armataur Delver)               Turns: 23, Time: 00:00:33

Health: -5/19      AC:  4    Str: 17    XL:     1   Next: 16%
Magic:  1/1        EV:  9    Int: 10    God:
Gold:   0          SH:  0    Dex: 11    Spells: 0/0 levels left

rFire   . . .      SeeInvis .    a - +0 mace
rCold   . . .      Faith    .    (no shield)
rNeg    . . .      Spirit   .    b - +0 leather armour
rPois   .          Reflect  .    (no helmet)
rElec   .          Harm     .    (no cloak)
rCorr   .          Roll     +    (no gloves)
Will    .....                    (no barding)
Stlth   +++.......               (no amulet)
HPRegen 0.23/turn                (no ring)
MPRegen 0.07/turn                (no ring)

@: hasted, very quick
A: large, rugged brown scales 3, deformed body, armoured tail, roll, long
tongue, awkward tongue
a: no special abilities


You were on level 5 of the Dungeon.
You visited 1 branch of the dungeon, and saw 1 of its levels.

Inventory:

Hand Weapons
 a - a +0 mace (weapon)
Armour
 b - a +0 leather armour (worn)
Wands
 g - a wand of digging (3)
Scrolls
 c - a scroll of fog
 d - a scroll of magic mapping
 h - a scroll of silence {unknown}


   Skills:
 * Level 2.7 Fighting
 - Level 1.7 Maces & Flails
 * Level 0.2 Armour
 + Level 1.4 Dodging
 - Level 5.4 Stealth


You couldn't memorise any spells.
You didn't know any spells.
Your spell library contained the following spells:

 Spells                   Type           Power      Damage    Failure   Level
 Cigotuvi's Dreadful Rot  Necr/Pois/Air  0%         N/A       56%         2
 Poisonous Vapours        Pois/Air       0%         N/A       56%         2
 Mephitic Cloud           Conj/Pois/Air  0%         N/A       80%         3


Dungeon Overview and Level Annotations

Branches:
Dungeon (5/15)
 Temple: D:4-7

Altars:


Innate Abilities, Weirdness & Mutations

You are completely covered in rugged brown scales. (AC +3, +7% HP)
Armour fits poorly on your strangely shaped body.
You have a long armoured tail.
You roll when moving toward enemies. (Rampage)
Your long tongue fully drains potion bottles. (2x potion effects)
Your tongue gives you trouble enunciating. (1.5x scroll delay)


Message History

Welcome, MrRokkomies the Armataur Delver.
A smirking vizier told you that the Orb of Zot is just within this dungeon.
Press ? for a list of commands and other information.
Found a book of Vapours, a scroll labelled WANGEA NAMN and 5 stones.
Found two stone staircases leading down.
You pick up a book of Vapours and begin reading...
You add the spells Poisonous Vapours, Cigotuvi's Dreadful Rot and Mephitic Cloud to your library.
h - a scroll labelled WANGEA NAMN A quokka comes into view.
An ogre comes into view. It is wielding a +0 giant spiked club.
The helpless quokka fails to defend itself.
You hit the quokka.
The quokka is severely wounded.
The ogre shouts!
The quokka closely misses you. x2
You closely miss the quokka.
The quokka is severely wounded.
The quokka bites you but does no damage.
You barely miss the quokka.
Your tail-slap misses the quokka.
The quokka is severely wounded.
The quokka bites you but does no damage.
The quokka bites you.
You sock the quokka!
You kill the quokka!
As you read the scroll of fear, it crumbles to dust.
You assume a fearsome visage.
The ogre resists with some effort.
The ogre closely misses you.
You feel yourself speed up.
The ogre hits you with a +0 giant spiked club!!
Ouch! That really hurt!
You die...

.. # .. .#^ .##
.... ##.. ....#
#..# ....##
#..#
#...###..######
#....@O......
##...########
#. ###....# #.
###.....##
#.##...##.##
#####.#..#....#
.........#.####
........>#.#
...........#


You could see an ogre.

Vanquished Creatures
  A quokka (D:5)
1 creature vanquished.

Notes
Turn   | Place    | Note
-------+----------+-------------------------------------------
     0 | D:5      | MrRokkomies the Armataur Delver began the quest for the
                  | Orb.
     0 | D:5      | Reached XP level 1. HP: 19/19 MP: 1/1
    16 | D:5      | Noticed an ogre
    23 | D:5      | Slain by an ogre

Illustrated notes

Levels and vault maps discovered:
D:5:      layout_rooms, mainiacjoe_overflow_surrounded_room,
          mainiacjoe_overflow_alcove_1, lemuel_doored_altar,
          kennysheep_generic_room_2, uniq_sigmund

Action                   || total
-------------------------++-------
Melee: Mace              ||     4
  Use: Scroll            ||     1
       Potion            ||     1
 Stab: Sleeping          ||     1
Armor: Leather armour    ||     2
Dodge: Dodged            ||     3

Table legend: (Time is in decaauts)
 A = Elapsed time spent in this place.
 B = Non-inter-level travel time spent in this place.
 C = Inter-level travel time spent in this place.
 D = Time resting spent in this place.
 E = Time spent auto-exploring this place.
 F = Levels seen in this place.
 G = Mean time per level.
                   A        B        C        D        E       F      G
               +--------+--------+--------+--------+--------+-----+--------+
         Total |     24 |     24 |      0 |      0 |      8 |   1 |   24.0 |
       Dungeon |     24 |     24 |      0 |      0 |      8 |   1 |   24.0 |
               +--------+--------+--------+--------+--------+-----+--------+

Top non-repeatable levels by time:
     D:5: 24 daAuts
